Map: Acid Plant LE

Players

Pzike

  • Race: Protoss Protoss
  • League: Master
  • Spawn Location: 5:00

DerZerFetzer - Winner!

  • Race: Zerg Zerg
  • League: Master
  • Spawn Location: 11:00

VOD

Have the link to the VOD?

Description

zvp 6ling,3ravager,macro vs lots of cannons

Time

  • Played on: Feb. 12, 2018, 3:05 p.m.
  • Length: 4:04
Show
View Real Time Build Order
Export as new Build Order

Pzike Protoss 

Build Orders:  

Get SALT Encoding   

  12  0:01  Probe  
  13  0:13  Probe  
  14  0:21  Pylon  
  14  0:31  Probe (Chrono Boost)  
  16  0:43  Probe (Chrono Boost)  
  16  0:49  Probe (Chrono Boost), Forge  
  17  0:57  Probe  
  18  1:09  Probe  
  19  1:13  Gateway  
  19  1:17  Pylon  
  19  1:24  Photon Cannon  
  19  1:29  Photon Cannon  
  19  1:33  Probe  
  20  1:41  Pylon  
  20  1:50  Assimilator  
  20  1:56  Probe  
  20  1:59  Zealot (Chrono Boost)  
  23  2:11  Cybernetics Core  
  23  2:14  Gateway  
  23  2:26  Probe  
  24  2:38  Probe  
  25  2:45  Nexus  
  25  2:49  Pylon  
  25  2:58  Assimilator  
  25  3:02  Probe  
  26  3:08  Stalker  
  28  3:14  Probe  
  29  3:24  Adept  
  31  3:31  Shield Battery  
  31  3:33  Shield Battery  
  31  3:39  Photon Cannon  
  29  3:47  Pylon  
Show
View Real Time Build Order
Export as new Build Order

DerZerFetzer Zerg - Winner!

Build Orders: Pool First 

Get SALT Encoding   

  12  0:01  Drone  
  13  0:09  Extractor  
  13  0:12  Drone  
  13  0:16  Drone  
  14  0:36  Spawning Pool  
  14  0:37  Drone  
  14  0:46  Overlord  
  14  1:05  Drone x2  
  16  1:23  Zergling x4  
  18  1:27  Roach Warren, Zergling x2  
  18  1:36  Queen  
  20  1:45  Overlord  
  20  2:03  Overlord  
  20  2:07  Roach  
  22  2:16  Roach  
  22  2:21  Roach  
  26  2:29  Ravager  
  27  2:32  Roach  
  29  2:42  Ravager  
  29  2:43  Ravager  
  31  2:48  Roach  
  33  2:53  Drone x3  
  36  3:11  Ravager  
  37  3:21  Hatchery  
  37  3:23  Drone x2  
Tags
 
Add a new tag
Caveats
  • Supply blocks, unpowered buildings, or Contaminate may cause inaccurate times.
  • Supply counts are checked every 10 seconds.